 Dungeon Crawl Stone Soup version 0.30.1 (webtiles) character file.

Game seed: 7153076231395696164

44604 Graphine the Fighter (level 13, -7/114 HPs)
             Began as a Pale Draconian Earth Elementalist on July 8, 2023.
             Was a High Priest of Sif Muna.
             Killed from afar by ripuliukko's ghost (35 damage)
             ... with a fireball
             ... on level 5 of the Lair of Beasts.
             The game lasted 01:11:16 (21279 turns).

Graphine the Fighter (DrEE)                        Turns: 21279, Time: 01:11:19

Health: -7/114     AC: 10    Str: 10    XL:     13   Next: 97%
Magic:  20/26      EV: 15    Int: 20    God:    Sif Muna [*****.]
Gold:   1275       SH: 12    Dex: 13    Spells: 22/30 levels left

rFire   . . .        c - staff of air
rCold   . . .        O - +2 buckler
rNeg    . . .        (body armour unavailable)
rPois   .            (helmet restricted)
rElec   +            (no cloak)
rCorr   .            g - +0 pair of gloves
SInv    .            R - +0 pair of boots
Will    .....        C - amulet of reflection
Stlth   ++           n - +4 ring of slaying
HPRegen 0.39/turn    q - ring of wizardry
MPRegen 0.20/turn

%: reflection, wizardry (x1)
@: lethally poisoned (-7 -> -18), about to teleport, on blink cooldown
A: breathe steam, AC +8, unfitting armour, cold-blooded, steam resistance, claws
1
a: Breathe Steam, Renounce Religion, Channel Magic, Forget Spell, Divine
Exegesis


You were on level 5 of the Lair of Beasts.
You worshipped Sif Muna.
Sif Muna was extremely pleased with you.
You visited 3 branches of the dungeon, and saw 16 of its levels.
You also visited: Sewer and Ossuary.

You collected 1275 gold pieces.

Inventory:

Hand Weapons
 f - a +0 short sword
 p - a +4 quarterstaff of chaos
 x - a +4 mace of pain
 V - the +8 mace of Putrescence {freeze, rCorr Str-5 Dex+5 SInv}
   (You found it on level 5 of the Lair of Beasts)

   Str:       It affects your strength (-5).
   Dex:       It affects your dexterity (+5).
   SInv:      It lets you see invisible.
   rCorr:     It protects you from acid and corrosion.
Armour
 g - a +0 pair of gloves (worn)
 O - a +2 buckler (worn)
 R - a +0 pair of boots (worn)
 W - an orb of guile
Magical Staves
 c - a staff of air (weapon)
 s - a staff of earth
Jewellery
 n - a +4 ring of slaying (left hand)
 q - a ring of wizardry (right hand)
 C - an amulet of reflection (around neck)
 M - a +4 ring of protection
 N - an amulet of guardian spirit
 T - an amulet of regeneration
 U - a ring of see invisible
Wands
 k - a wand of mindburst (16)
 w - a wand of flame (48)
 E - a wand of digging (5)
 F - a wand of iceblast (11)
 L - a wand of polymorph (2)
 P - a wand of charming (6)
Scrolls
 o - a scroll of teleportation
 r - 2 scrolls of amnesia
 v - 4 scrolls of enchant weapon
 y - 4 scrolls of immolation
 z - a scroll of fog
 D - a scroll of silence
 G - a scroll of noise
 I - 2 scrolls of identify
 S - a scroll of brand weapon
Potions
 a - 2 potions of magic
 b - 5 potions of haste
 d - 6 potions of brilliance
 e - 5 potions of invisibility
 h - 5 potions of curing
 i - 4 potions of flight
 j - 3 potions of lignification
 l - 3 potions of ambrosia
 m - 3 potions of might
 t - 4 potions of resistance
 u - 5 potions of mutation
 A - a potion of heal wounds
 B - 3 potions of berserk rage
Miscellaneous
 H - a phantom mirror (inert)
 J - a lightning rod (3/4)
 K - a tin of tremorstones (inert)
 Q - a phial of floods


   Skills:
 + Level 10.7 Fighting
 - Level 5.0 Staves
 + Level 9.4 Dodging
 - Level 2.4 Stealth
 + Level 6.0 Shields
 - Level 5.0 Unarmed Combat
 + Level 9.4 Spellcasting
 + Level 5.3 Transmutations
 * Level 7.8 Fire Magic
 - Level 8.0 Air Magic
 - Level 7.0 Earth Magic
 - Level 8.0 Evocations


You had 22 spell levels left.
You knew the following spells:

 Your Spells              Type           Power      Damage    Failure   Level
a - Sandblast             Erth           74%        2d16      1%          1
b - Passwall              Tmut/Erth      28%        N/A       1%          2
c - Stone Arrow           Conj/Erth      46%        3d9       2%          3
d - Blink                 Tloc           18%        N/A       6%          2

Your spell library contained the following spells:

 Spells                   Type           Power      Damage    Failure   Level
 Ignite Poison            Fire/Tmut/Pois 27%        N/A       1%          3
 Petrify                  Tmut/Erth      34%        N/A       3%          4
 Kiss of Death            Conj/Necr      36%        2d8       4%          1
 Lesser Beckoning         Tloc           18%        N/A       6%          2
 Momentum Strike          Conj/Tloc      18%        3d8       6%          2
 Sticky Flame             Conj/Fire      25%        2d5       9%          4
 Confusing Touch          Hex            9%         N/A       12%         3
 Gell's Gravitas          Tloc           9%         N/A       12%         3
 Teleport Other           Tloc           9%         N/A       12%         3
 Silence                  Hex/Air        19%        N/A       21%         5
 Animate Dead             Necr           9%         N/A       36%         4
 Dispel Undead            Necr           9%         3d8       36%         4
 Manifold Assault         Tloc           9%         N/A       36%         4
 Passage of Golubria      Tloc           9%         N/A       36%         4
 Storm Form               Tmut/Air       26%        N/A       89%         7
 Dispersal                Tloc           4%         N/A       99%         6
 Haunt                    Necr/Summ      4%         N/A       100%        7
 Ignition                 Fire           20%        3d7       100%        8
 Infestation              Necr           4%         N/A       100%        8
 Lehudib's Crystal Spear  Conj/Erth      11%        10d4      100%        8


Dungeon Overview and Level Annotations

Branches:
Dungeon (10/15)            Temple (1/1) D:7            Lair (5/5) D:10
 Shoals (0/4) Lair:2       Spider (0/4) Lair:2        Slime (0/5) Lair:4
  Sewer (visited)         Ossuary (visited)
    Orc: D:9-12

Altars:
Ashenzari
Cheibriados
Dithmenos
Elyvilon
Fedhas
Gozag
Hepliaklqana
Kikubaaqudgha
Makhleb
Nemelex Xobeh
Okawaru
Qazlal
Ru
Sif Muna
Trog
Uskayaw
Vehumet
Wu Jian
Xom
Yredelemnul
Zin
The Shining One
Jiyva

Shops:
D:1 (

Annotations:
Lair:1 exclusion: oklob plant
Lair:5 ripuliukko's ghost, journeyman DEEE


Innate Abilities, Weirdness & Mutations

You can breathe blasts of scalding, opaque steam.
Your pale cyan-grey scales are hard. (AC +8)
You cannot fit into any form of body armour.
You are cold-blooded and may be slowed by cold attacks.
You are immune to the effects of steam.
You have sharp fingernails.


Message History

Okay, then.
Aiming: Polymorph
Press: ? - help, Shift-Dir - straight line, p - ripuliukko's ghost
Okay, then.
The tremorstone explodes into fragments!
The burst of rock shards engulfs ripuliukko's ghost but does no damage. x2
The burst of rock shards engulfs ripuliukko's ghost.
The tin is emptied!
You feel sick.
You are more poisoned.
Aiming: Thunderbolt
Press: ? - help, Shift-Dir - straight line, f/p - ripuliukko's ghost
Aim: ripuliukko's ghost (lightly damaged, radiating toxic energy)
Okay, then.
Casting: Blink (safe; 6% risk of failure)
Confirm with . or Enter, or press ? or * to list all spells.
Aiming: Stone Arrow (mildly dangerous; 2% risk of failure)
Press: ? - help, Shift-Dir - straight line, f/p - ripuliukko's ghost
Aim: ripuliukko's ghost (lightly damaged, radiating toxic energy, 57% to hit)
The stone arrow hits ripuliukko's ghost!
Ripuliukko's ghost is lightly damaged.
You feel sick.
You are more poisoned.
Ripuliukko's ghost casts a spell at you.
The fireball explodes!
The fireball engulfs you!!
* * * LOW HITPOINT WARNING * * *
You feel much better.
You feel stable enough to blink again.
You feel sick.
You are more poisoned.
Casting: Stone Arrow (mildly dangerous; 2% risk of failure)
Confirm with . or Enter, or press ? or * to list all spells.
You blink.
You feel very sick.
You are more poisoned.
As you read the scroll of teleportation, it crumbles to dust.
You feel strangely unstable.
You feel sick.
* * * LOW HITPOINT WARNING * * *
You are more poisoned.
Ripuliukko's ghost gestures at you while chanting.
The fireball explodes!
The fireball engulfs you!!
You die...

♣♣.[~≈≈≈~≈.♣...♣♣.~♣♣
##.........
♣..P~≈≈~.♣♣♣♣.♣♣.~♣♣
#.......... ♣♣..♣~~P♣♣
♣♣♣♣.~.♣♣#..P....##.
♣♣♣♣♣♣♣♣
###..≈~~.##......###
#.........#.....P..#
#.#.................
###...##........P...
###....###............
#....@P..###.....###..
##.......##........###
##.....W..#..........#
##...#'#...........P...
##...##.##...§..........
###...##...##...#.........
#....##.....##..#..#..P...
##....#⌠.?♣!.⌠#...##......#
#.....##..?..##...###...###


You could see ripuliukko's ghost (toxic aura).

Vanquished Creatures
  Snorg (Lair:4)
  A fire dragon (Lair:3)
  4 hydras
  A skyshark (Lair:5)
  A swamp dragon (Lair:5)
  A lindwurm (Lair:5)
  A wizard (D:10)
  11 elephants
  3 torpor snails
  2 merfolk sirens (Lair:2)
  6 black mambas
  A guardian serpent (Lair:5)
  20 cane toads
  3 rime drakes (Lair:5)
  8 komodo dragons
  2 trolls (D:10)
  A meliai (Lair:2)
  A polar bear (Lair:1)
  2 merfolk (Lair:2)
  3 hornets (Lair:5)
  12 blink frogs
  A vampire (D:9)
  Sigmund (D:6)
  11 wyverns
  A wraith (D:10)
  35 yaks
  A fire elemental (Lair:3)
  3 basilisks
  2 redbacks (Lair:5)
  Menkaure (D:5)
  2 steam dragons
  Grum (D:10)
  Edmund (D:5)
  24 water moccasins
  Duvessa (D:6)
  A hell hound (D:8)
  5 swamp drakes (Lair:5)
  4 orc warriors
  A black bear (D:6)
  An ice beast (D:6)
  8 wolves
  An ogre (D:6)
  2 centaurs
  2 phantoms
  4 kobold brigands
  7 bullfrogs
  A wyvern zombie (Ossuary)
  A gnoll sergeant (D:9)
  2 scorpions
  2 water moccasin zombies (Ossuary)
  3 wights (D:4)
  Dowan (D:6)
  21 killer bees
  An electric eel (Lair:1)
  3 howler monkeys
  A vampire bat (D:4)
  4 crimson imps (D:8)
  7 bullfrog zombies (Ossuary)
  3 centaur zombies (Ossuary)
  4 lava snakes
  2 orc priests (D:8)
  5 jellies
  6 iguanas
  A sleepcap (D:6)
  Crazy Yiuf (D:4)
  Ijyb (D:5)
  2 orc wizards
  A killer bee zombie (Ossuary)
  18 mummies
  2 howler monkey zombies (Ossuary)
  14 gnolls
  9 adders
  2 shadow imps
  4 white imps
  An ufetubus (D:5)
  4 worms
  2 dart slugs
  7 fire bats
  25 orcs
  2 spectral bats (D:4)
  3 bat skeletons (D:4)
  A bat zombie (D:4)
  8 endoplasms
  6 giant cockroaches
  8 goblins
  6 hobgoblins
  3 jackals
  6 quokkas
  4 ball pythons
  13 bats
  A bat simulacrum (D:4)
  4 frilled lizards
  16 kobolds
  6 rats
  2 butterflies
  3 fire vortices (D:8)
459 creatures vanquished.

Vanquished Creatures (collateral kills)
  A wolf spider (Lair:5)
  A black mamba (Lair:5)
2 creatures vanquished.

Vanquished Creatures (others)
  A butterfly (Lair:3)
1 creature vanquished.

Grand Total: 462 creatures vanquished

Notes
Turn   | Place    | Note
-------+----------+-------------------------------------------
     0 | D:1      | Graphine the Draconian Earth Elementalist began the quest
                  | for the Orb.
     0 | D:1      | Reached XP level 1. HP: 14/14 MP: 3/3
    86 | D:1      | Found Bomeig's Antique Weapon Emporium.
   222 | D:1      | Reached XP level 2. HP: 14/20 MP: 0/5
   655 | D:1      | Found a faded altar of an unknown god.
   656 | D:1      | Noticed a great orb of eyes
   659 | D:1      | Noticed a shining eye
   659 | D:1      | Noticed a floating eye
   659 | D:1      | Noticed a great orb of eyes
  1018 | D:2      | Reached XP level 3. HP: 26/26 MP: 2/6
  1383 | D:2      | Reached XP level 4. HP: 33/33 MP: 2/7
  1462 | D:2      | Identified the +1 scale mail of Weirdness {Str+2}
  2060 | D:2      | Learned a level 2 spell: Passwall
  2064 | D:2      | Learned a level 3 spell: Stone Arrow
  2087 | D:2      | Reached skill level 1 in Fighting
  2174 | D:3      | Found a glowing drain.
  2177 | D:3      | Reached XP level 5. HP: 40/40 MP: 7/9
  2194 | Sewer    | Entered a sewer
  2327 | Sewer    | Noticed a water moccasin
  2333 | Sewer    | Killed a water moccasin
  2470 | D:3      | Reached XP level 6. HP: 44/48 MP: 4/10
  2584 | D:3      | Reached skill level 2 in Fighting
  3289 | D:4      | Found a runed translucent door.
  3290 | D:4      | Noticed Crazy Yiuf
  3312 | D:4      | Killed Crazy Yiuf
  3419 | D:4      | Reached skill level 5 in Earth Magic
  3580 | D:4      | Identified the +2 chain mail "Fibapu" {Drain Str+4 Int+4}
  3591 | D:4      | Your scales start taking on a pale cyan-grey colour.
  3591 | D:4      | Reached XP level 7. HP: 48/56 MP: 7/12
  3591 | D:4      | Gained mutation: You are immune to the effects of steam.
                  | [Pale Draconian growth]
  3931 | D:4      | Reached skill level 1 in Staves
  3932 | D:4      | Reached skill level 3 in Fighting
  3934 | D:4      | Identified the +6 dagger of the Pyrrhic Victory {antimagic,
                  | rC+ rN+ Will+}
  4307 | D:5      | Entered Level 5 of the Dungeon
  4468 | D:5      | Noticed Edmund
  4601 | D:5      | Noticed Menkaure
  4604 | D:5      | Killed Menkaure
  4607 | D:5      | Reached XP level 8. HP: 63/64 MP: 9/14
  4622 | D:5      | Killed Edmund
  4709 | D:5      | Reached skill level 4 in Fighting
  5005 | D:5      | Noticed Ijyb
  5012 | D:5      | Killed Ijyb
  5431 | D:6      | Found a sand-covered staircase.
  5440 | Ossuary  | Entered an ossuary
  5610 | Ossuary  | Reached skill level 5 in Fighting
  5610 | Ossuary  | Reached skill level 5 in Spellcasting
  5663 | Ossuary  | Reached XP level 9. HP: 74/74 MP: 12/16
  5677 | Ossuary  | Reached skill level 5 in Dodging
  6010 | D:6      | Noticed Sigmund
  6015 | D:6      | Killed Sigmund
  6162 | D:6      | Reached skill level 6 in Fighting
  6214 | D:6      | Reached skill level 5 in Staves
  6260 | D:6      | Found a sacrificial altar of Ru.
  6317 | D:6      | Found a glowing golden altar of the Shining One.
  6405 | D:6      | Noticed Dowan
  6406 | D:6      | Noticed Duvessa
  6421 | D:6      | Killed Duvessa
  6422 | D:6      | Reached skill level 1 in Air Magic
  6426 | D:6      | Killed Dowan
  6918 | D:7      | Learned a level 2 spell: Blink
  6982 | D:7      | Found a glowing silver altar of Zin.
  7018 | D:7      | Reached XP level 10. HP: 67/84 MP: 10/19
  7019 | D:7      | Reached skill level 1 in Evocations
  7383 | D:7      | Found a staircase to the Ecumenical Temple.
  7852 | Temple   | Entered the Ecumenical Temple
  7915 | Temple   | Became a worshipper of Sif Muna the Loreminder
  7951 | D:7      | Gained mutation: You have sharp fingernails. [potion of
                  | mutation]
  8073 | D:8      | Reached skill level 7 in Fighting
  8390 | D:8      | Reached skill level 1 in Unarmed Combat
  9068 | D:8      | Found a snail-covered altar of Cheibriados.
  9239 | D:8      | Found a shimmering altar of Xom.
  9482 | D:9      | Reached * piety under Sif Muna
  9523 | D:9      | Reached skill level 5 in Air Magic
  9865 | D:9      | Reached XP level 11. HP: 94/94 MP: 17/21
 10121 | D:9      | Reached ** piety under Sif Muna
 10317 | D:10     | Entered Level 10 of the Dungeon
 10331 | D:10     | Reached skill level 8 in Fighting
 10532 | D:10     | Noticed Grum
 10534 | D:10     | Noticed a wizard
 10539 | D:10     | Killed Grum
 10540 | D:10     | Killed a wizard
 10757 | D:10     | Found a radiant altar of Vehumet.
 10848 | D:10     | Found a staircase to the Lair.
 11046 | Lair:1   | Entered Level 1 of the Lair of Beasts
 11250 | Lair:1   | Noticed an oklob plant
 11577 | Lair:1   | Found a shimmering altar of Xom.
 11777 | Lair:1   | Noticed a six-headed hydra
 11802 | Lair:1   | Killed a six-headed hydra
 11803 | Lair:1   | Reached skill level 1 in Shields
 11815 | Lair:1   | Reached skill level 5 in Evocations
 12811 | Lair:2   | Found a shimmering altar of Xom.
 12905 | Lair:2   | Reached XP level 12. HP: 81/103 MP: 16/23
 12905 | Lair:2   | Reached *** piety under Sif Muna
 12907 | Lair:2   | Reached skill level 9 in Fighting
 12907 | Lair:2   | Noticed a six-headed hydra
 12977 | Lair:2   | Reached skill level 5 in Unarmed Combat
 13122 | Lair:2   | Killed a six-headed hydra
 13300 | Lair:2   | Found a staircase to the Shoals.
 13589 | Lair:2   | Found a hole to the Spider Nest.
 14104 | Lair:3   | Reached skill level 1 in Fire Magic
 15172 | Lair:3   | Identified the +4 chain mail of the Sparrow {rElec rPois
                  | Regen+ Int+3}
 15350 | Lair:3   | Noticed a fire dragon
 15360 | Lair:3   | HP: 4/105 [fire dragon/blast of flame (38)]
 15714 | Lair:3   | Killed a fire dragon
 15929 | Lair:3   | Identified the +0 long sword "Iczuwk" {flame, Str-5 Int+5
                  | Dex+6}
 16028 | Lair:4   | Noticed a four-headed hydra
 16064 | Lair:4   | Found a staircase to the Slime Pits.
 16072 | Lair:4   | Noticed Snorg
 16078 | Lair:4   | Killed a four-headed hydra
 16090 | Lair:4   | Killed Snorg
 16270 | Lair:4   | HP: 4/106 [cane toad (14)]
 16703 | Lair:4   | Found a viscous altar of Jiyva.
 16837 | Lair:4   | You fall into a shaft and drop 1 floor!
 16837 | Lair:5   | Entered Level 5 of the Lair of Beasts
 16867 | Lair:5   | Reached XP level 13. HP: 51/113 MP: 23/25
 16875 | Lair:5   | Reached skill level 5 in Fire Magic
 17170 | Lair:5   | Reached **** piety under Sif Muna
 17172 | Lair:5   | Reached skill level 10 in Fighting
 17605 | Lair:5   | Reached skill level 5 in Shields
 17994 | Lair:5   | Identified the +9 war axe "Kirucon" {heavy, *Noise Str+10
                  | Int-3}
 18013 | Lair:5   | Noticed a fire dragon
 18023 | Lair:5   | a fire dragon changed into a skyshark
 19291 | Lair:5   | Noticed ripuliukko's ghost (journeyman DEEE)
 19294 | Lair:5   | Found a runed translucent door.
 19774 | Lair:5   | Reached skill level 5 in Transmutations
 19780 | Lair:5   | Reached ***** piety under Sif Muna
 20224 | Lair:5   | Paralysed by a hornet for 2 turns
 20615 | Lair:5   | Identified the +8 mace of Putrescence {freeze, rCorr Str-5
                  | Dex+5 SInv}
 21279 | Lair:5   | Killed from afar by ripuliukko's ghost

Illustrated notes

Levels and vault maps discovered:
D:1:      matt_arrival_spirals, layout_basic, serial_shops, nicolae_shop_trees,
          hellmonk_ecumenical_altar_watching_god
D:2:      layout_loops_ring, minmay_misc_feat_enclosed
D:3:      layout_rooms, portal_sewer_entry_f
D:4:      layout_rooms, grunt_decor_arrowhead, minmay_misc_feat_roman,
          goddamned_bats, uniq_crazy_yiuf_cottage
D:5:      layout_basic, chequers_avenue, nicolae_eternal_life, uniq_edmund,
          uniq_ijyb, uniq_menkaure
D:6:      layout_loops_ring, marbit_many_paths, nicolae_tso_carved_into_rock,
          gup_ossuary_entry_pyramid, uniq_duvessa, uniq_sigmund
D:7:      layout_basic, zin_academy, temple_green, nicolae_lava_and_water
D:8:      layout_layer_cave, led_xom_imps, mainiacjoe_overflow_brackets,
          hangedman_incinerator
D:9:      layout_loops_ring
D:10:     layout_basic, kennysheep_mini, lair_entry_dummy, uniq_grum
Temple:   nicolae_temple_x_marks_the_god
Lair:1:   layout_loops_ring, basic_altar, pdpol_lair_cavern_descent
Lair:2:   layout_regular_city, elwin_shoals_entry_stream,
          hellmonk_spider_entry_not_the_bees, basic_altar,
          grunt_forest_small_clearing_treed, lemuel_fruit_fields
Lair:3:   dragon1_lemuel, layout_regular_city, lemuel_fruit_fields,
          grunt_megastairs_3
Lair:4:   layout_cave_pods, slime_entry_1, infiniplex_staircase_pool_2,
          uniq_snorg
Lair:5:   guppyfry_lair_end_dragon, layout_cave_pods,
          hangedman_lair_tendril_chambers, hellmonk_ghost_happy_afterlife,
          st_stairs_12

Skill      XL: |  1  2  3  4  5  6  7  8  9 10 11 12 13 |
---------------+----------------------------------------+-----
Stealth        | 2 |  2.4
Dodging        | 2 3 4 6 7 8 9 |  9.4
Transmutations | 2 3 5 |  5.3
Fighting       | 1 2 3 5 6 7 8 9 10 | 10.7
Spellcasting   | 3 4 5 6 7 8 9 |  9.4
Earth Magic    | 4 5 6 7 |  7.0
Staves         | 2 3 5 |  5.0
Air Magic      | 2 5 8 |  8.0
Evocations     | 3 5 7 8 |  8.0
Unarmed Combat | 2 4 5 |  5.0
Shields        | 2 4 6 |  6.0
Fire Magic     | 4 7 |  7.8

Action                     |  1- 3 |  4- 6 |  7- 9 | 10-12 | 13-15 || total
---------------------------+-------+-------+-------+-------+-------++-------
  Melee: Unarmed           |     9 |       |       |       |       ||     9
         Short sword       |     2 |    15 |       |       |       ||    17
         Tailslap          |       |     2 |     3 |    13 |    17 ||    35
         Staff             |       |       |    17 |    78 |   124 ||   219
         Punch             |       |       |       |     1 |       ||     1
   Cast: Sandblast         |    53 |   107 |   177 |   238 |    39 ||   614
         Stone Arrow       |       |     4 |     5 |    46 |   105 ||   160
         Blink             |       |       |       |    10 |    14 ||    24
Ability: Breathe Steam     |       |       |    20 |    64 |    47 ||   131
  Evoke: Wand              |       |       |       |     8 |    18 ||    26
         Tin of tremorston |       |       |       |     2 |     3 ||     5
         Lightning rod     |       |       |       |     1 |     6 ||     7
         Phantom mirror    |       |       |       |     1 |     2 ||     3
         Phial of floods   |       |       |       |     1 |       ||     1
    Use: Scroll            |     5 |     4 |    10 |    14 |     6 ||    39
         Potion            |       |       |       |    13 |     6 ||    19
   Stab: Sleeping          |       |       |     1 |       |       ||     1
 Armour: Skin              |    21 |    16 |    37 |    69 |    38 ||   181
  Dodge: Dodged            |    27 |    44 |    67 |   188 |    95 ||   421
  Block: Other             |       |       |     1 |    29 |       ||    30
         Reflection        |       |       |       |     3 |       ||     3
         Buckler           |       |       |       |   106 |   117 ||   223
